 Dungeon Crawl Stone Soup version 0.31.0-4-g52a2dc7128 (webtiles) character file.

Game seed: 6241079303143729381

14 Gottschkopf the Trooper (level 2, -20/27 HPs)
             Began as a Minotaur Fighter on Jan 22, 2024.
             Engulfed by a cloud of flame (23 damage)
             ... on level 1 of the Dungeon.
             The game lasted 00:01:09 (320 turns).

Gottschkopf the Trooper (Minotaur Fighter)           Turns: 320, Time: 00:01:10

Health: -20/27     AC:  7    Str: 20    XL:     2   Next: 31%
Magic:  1/1        EV: 14    Int:  5    God:
Gold:   10         SH:  4    Dex:  9    Spells: 1/1 levels left

rFire   . . .        a - +0 long sword
rCold   . . .        c - +0 buckler
rNeg    . . .        b - +0 scale mail
rPois   .            (helmet restricted)
rElec   .            (no cloak)
rCorr   .            (no gloves)
SInv    .            (no boots)
Will    .....        (no amulet) Stlth
                     h - +5 ring of evasion
HPRegen 0.24/turn    (no ring)
MPRegen 0.07/turn

%: no passive effects
@: no status effects
A: horns 2, retaliatory headbutt
a: no special abilities


You were on level 1 of the Dungeon.
You visited 1 branch of the dungeon, and saw 1 of its levels.

You collected 10 gold pieces.

Inventory:

Hand Weapons
 a - a +0 long sword (weapon)
Armour
 b - a +0 scale mail (worn)
 c - a +0 buckler (worn)
Jewellery
 h - a +5 ring of evasion (left hand)
Scrolls
 e - a scroll of enchant armour {unknown}
 g - a scroll of blinking {unknown}
Potions
 d - a potion of might
 f - 2 potions of ambrosia {unknown}


   Skills:
 * Level 4.3 Fighting
 - Level 2.4 Long Blades
 + Level 3.9 Armour
 - Level 3.6 Shields


You had one spell level left.
You didn't know any spells.
Your spell library was empty.

Dungeon Overview and Level Annotations

Branches:
Dungeon (1/15)

Altars:


Innate Abilities, Weirdness & Mutations

You have a pair of horns on your head.
You reflexively headbutt those who attack you in melee.


Message History

Found 13 gold pieces and a pair of gloves.
You see here a +0 dagger.
Found 14 gold pieces.
g - a scroll labelled DOTHRU QAWI
Found a dagger.
Found a stone staircase leading down.
You see here a +0 dagger.
h - a +5 ring of evasion
h - a +5 ring of evasion (left hand) Nothing quivered!
A ball python comes into view.
The ball python hisses angrily.
You slash the ball python!
You kill the ball python!
You see here a ball python corpse.
A goblin comes into view. It is wielding a +0 club.
The goblin shouts!
The goblin barely misses you.
You slash the goblin!
You kill the goblin!
No target in view!
Things that are here:
a +0 club; a goblin corpse A ball python comes into view.
The ball python hisses angrily.
A ball python is nearby!
Found a stone staircase leading down.
You hit the ball python.
You kill the ball python!
No target in view!
No target in view!
There is a stone staircase leading down here.
Found 9 gold pieces.
Found an encrusted peridot ring and 4 gold pieces.
You are engulfed in blazing flames.
Ouch! That really hurt!
* * * LOW HITPOINT WARNING * * *
You are engulfed in blazing flames.
Ouch! That really hurt!
You die...

###....##########################
...†............)......†.........
##.....##########################
##.....# # ...###################
## ##>..................# #.
#.###########...#### #. #.# #.☼☼#
##########. ### #§§@#
##........#. #§§§# #..######.#.
#...#####......##.#.
..$.[.§§....###.##.##
§§=.$..§§○.......##.##
..§..$$$.§§○..)######...
#####...######....##.... #§§.#
#........... ###...######


There were no monsters in sight!

Vanquished Creatures
  2 ball pythons (D:1)
  2 endoplasms (D:1)
  A giant cockroach (D:1)
  3 goblins (D:1)
  A hobgoblin (D:1)
  A kobold (D:1)
  2 rats (D:1)
12 creatures vanquished.

Notes
Turn   | Place    | Note
-------+----------+-------------------------------------------
     0 | D:1      | Gottschkopf the Minotaur Fighter began the quest for the
                  | Orb.
     0 | D:1      | Reached XP level 1. HP: 19/19 MP: 0/0
    79 | D:1      | Reached skill level 4 in Fighting
   124 | D:1      | Reached XP level 2. HP: 27/27 MP: 1/1
   320 | D:1      | Engulfed by a cloud of flame

Illustrated notes

Levels and vault maps discovered:
D:1:      matt_arrival_los_fun, layout_basic,
          hellmonk_ecumenical_altar_inner_sanctum, lemuel_flame_loot_1

Skill      XL: |  1 |
---------------+----+-----
Fighting       | 4 |  4.3
Long Blades    | |  2.4
Armour         | |  3.9
Shields        | |  3.6

Action                     || total
---------------------------++-------
  Melee: Long sword        ||    21
         Headbutt          ||     2
 Armour: Scale mail        ||    13
  Dodge: Dodged            ||     7
  Block: Buckler           ||     2
